 Dungeon Crawl Stone Soup version 0.19-a0-1126-g0490cf6 (webtiles) character file.

273584 Trailerpark the Peltast (level 19, -1/178 HPs)
             Began as a Pale Draconian Transmuter on Aug 2, 2016.
             Was the Champion of Cheibriados.
             Shot with a bolt by a yaktaur (2 damage)
             ... on level 3 of the Vaults on Aug 12, 2016.
             The game lasted 02:38:53 (38822 turns).

Trailerpark the Peltast (DrTm)                     Turns: 38822, Time: 02:38:53

Health: -1/178     AC: 18    Str: 27      XL:     19   Next: 51%
Magic:  9/32       EV: 28    Int: 29 (30) God:    Cheibriados [******]
Gold:   2034       SH: 17    Dex: 31      Spells: 8 memorised, 6 levels left

rFire  . . .     SeeInvis .       - Unarmed
rCold  . . .     Gourm    .     (armour unavailable)
rNeg   . . .     Faith    .     D - +0 shield
rPois  +         Spirit   .     (helmet restricted)
rElec  .         Dismiss  .     T - +0 cloak {rPois}
rCorr  .         Reflect  .     G - +2 pair of gloves {Dex+3}
SustAt .         Harm     .     (no boots)
MR     +++..                    y - amulet of regeneration
Stlth  ++........               A - ring of protection from magic
                                x - ring of Zomutat {MR+ AC+4}

@: very slightly contaminated, very slow
A: breathe steam, unfitting armour, clumsy 2, dopey 1, robust 1, cold-blooded,
subdued magic 1, MP-powered wands, AC +10
a: Breathe Steam, Bend Time, Temporal Distortion, Slouch, Step From Time,
Renounce Religion
}: 2/15 runes: decaying, gossamer


You were on level 3 of the Vaults.
You worshipped Cheibriados.
Cheibriados was exalted by your worship.
You were hungry.

You visited 7 branches of the dungeon, and saw 35 of its levels.
You also visited: Labyrinth and Volcano.

You collected 3071 gold pieces.
You spent 1037 gold pieces at shops.

Inventory:

Missiles
 a - 1013 arrows
Armour
 D - a +0 shield (worn)
 G - a +2 pair of gloves of dexterity (worn)
 T - a +0 cloak of poison resistance (worn)
Jewellery
 t - an uncursed ring of protection from cold
 x - the ring of Zomutat (left hand) {MR+ AC+4}
   (You acquired it on level 2 of the Vaults)

   [ring of protection]

   It affects your AC (+4).
   It affects your resistance to hostile enchantments.
 y - an amulet of regeneration (around neck)
 A - a ring of protection from magic (right hand)
 N - an uncursed ring of positive energy
 O - an uncursed ring of positive energy
 P - an uncursed ring of protection from fire
 X - the ring of Heczoi Vaots {rCorr Str+4 Dex+7}
   (You found it in a labyrinth)

   [ring of resist corrosion]

   It affects your strength (+4).
   It affects your dexterity (+7).
 Z - an uncursed ring of see invisible
Wands
 w - a wand of iceblast (8/15)
 B - a wand of heal wounds (7/9)
 I - a wand of iceblast (8/15)
 K - a wand of paralysis (4/24)
 S - a wand of digging (9/24)
 Y - a wand of paralysis (11/24)
Scrolls
 e - 18 scrolls of remove curse
 h - 5 scrolls of amnesia
 l - 3 scrolls of blinking
 n - a scroll of holy word
 q - 11 scrolls of magic mapping
 r - 11 scrolls of recharging
 z - 14 scrolls of teleportation
 E - 2 scrolls of fear
 F - 7 scrolls of fog
 H - 4 scrolls of silence
 M - 3 scrolls of identify
 V - 2 scrolls of enchant armour
Potions
 d - 6 potions of flight
 f - 3 potions of magic
 j - a potion of heal wounds
 o - 12 potions of curing
 u - 2 potions of cancellation
 C - 4 potions of resistance
 J - 4 potions of might
 L - a potion of lignification
 Q - 3 potions of ambrosia
 R - 2 potions of agility
 U - 6 potions of brilliance
Books
 v - a book of Summonings

   Spells                             Type                      Level
   a - Recall                         Summoning/Translocation      3
   b - Aura of Abjuration             Summoning                    5
   c - Summon Demon                   Summoning                    5
   d - Summon Forest                  Summoning/Translocation      5
   e - Summon Mana Viper              Hexes/Summoning              5
   f - Shadow Creatures               Summoning                    6
Miscellaneous
 b - a box of beasts
Comestibles
 c - 14 bread rations
 g - 26 fruits
 i - 10 meat rations
 k - a beef jerky
 m - 2 slices of pizza
 p - 27 royal jellies
 s - 4 chunks of flesh


   Skills:
 - Level 12.6 Fighting
 + Level 12.9 Dodging
 - Level 17.1 Shields
 - Level 16.3 Unarmed Combat
 - Level 9.2 Spellcasting
 - Level 2.4 Translocations
 - Level 11.6 Transmutations
 - Level 10.5 Earth Magic
 - Level 3.5 Poison Magic
 - Level 7.6 Invocations
 - Level 6.0 Evocations


You had 6 spell levels left.
You knew the following spells:

 Your Spells              Type           Power        Failure   Level  Hunger
a - Blade Hands           Tmut           ######....   1%          5    ####...
b - Sticks to Snakes      Tmut           ######..     1%          2    None
c - Repel Missiles        Chrm/Air       ##....       8%          2    None
d - Ice Form              Ice/Tmut       #####...     3%          4    None
e - Blink                 Tloc           N/A          1%          2    None
f - Statue Form           Tmut/Erth      ######...    8%          6    #####..
g - Irradiate             Conj/Tmut      #####.....   10%         5    ####...
h - Olgreb's Toxic Radia  Pois           ####....     10%         4    None


Dungeon Overview and Level Annotations

Branches:
Dungeon (15/15)            Temple (1/1) D:6            Lair (6/6) D:11
  Swamp (4/4) Lair:4       Spider (4/4) Lair:3        Slime (0/5) Lair:6
    Orc (2/2) D:11            Elf (0/3) Orc:2        Vaults (3/5) D:14
 Depths (0/5) D:15
  Crypt: Vaults:2-3

Altars:
Ashenzari
Cheibriados
Dithmenos
Elyvilon
Fedhas
Gozag
Hepliaklqana
Kikubaaqudgha
Makhleb
Nemelex Xobeh
Okawaru
Pakellas
Qazlal
Ru
Sif Muna
Trog
Uskayaw
Vehumet
Xom
Yredelemnul
Zin
The Shining One
Beogh

Shops:
D:4 [   D:5 [:   D:11 %[=   D:14 (   Orc:2 [*?[


Innate Abilities, Weirdness & Mutations

You can breathe blasts of scalding, opaque steam.
Your pale cyan-grey scales are hard. (AC +10)
Your body does not fit into most forms of armour.
You are cold-blooded and may be slowed by cold attacks.
You are very clumsy. (Dex -4)
You are dopey. (Int -2)
You are robust. (+10% HP)
Your spells are a little easier to cast, but a little less powerful.
You expend magic power (3 MP) to strengthen your wands.


Message History

You feel your power leaking away.
The eye of draining moves out of view.
The deep elf mage gestures wildly while chanting.
The deep elf mage blinks!
The ironbrand convoker gestures at the swamp dragon while chanting.
The swamp dragon seems to grow stronger.
Unknown command.
Blink to where?
Press: ? - help, Dir - move target cursor
As you read the scroll of blinking, it crumbles to dust. 2 yaktaurs come into view.
You revert to your normal fleshy form.
Your +2 pair of gloves of dexterity unmelds from your body.
You feel agile.
The yaktaur shouts!
You hear a shout!
The yaktaur wields a glowing arbalest.
It bursts into flame!
The yaktaur shoots a bolt.
The bolt hits you!
* * * LOW HITPOINT WARNING * * *
The bolt burns you.
You die...

#.... #### ... #..# ...
#..# ... #..#
######'#######..#
#...#...#...##..#
#...#...#...##..#
#...##.##...##@.#.
######.....#####..#.
..#..#.....#..##..c.
..'...........##..#c..
#)#..#.....#..##..#.....
#)####.....#####p.# ....
#)#...##.##...##)C# c..
).#...#...#...#Cca# ...
)##...#...#...')Q.#


You could see a titan, a yaktaur captain, a vault guard, an ettin, 3 yaktaurs
and a soldier ant shaped shifter.

Vanquished Creatures
  Saint Roka (Vaults:2)
  Nikola (Spider:3)
  The ghost of Bastard the Devastator, an adept DrCj of Sif Muna (Spider:4)
  A sphinx (Vaults:3)
  Frances (Swamp:2)
  A storm dragon (D:15)
  Kirke (D:15)
  A tengu reaver (Vaults:3)
  3 thorn hunters
  An azure jelly (Swamp:4)
  A shadow dragon (Vaults:3)
  A frost giant (D:15)
  A deep elf sorcerer (Vaults:3)
  3 vault wardens
  4 ghost moths
  12 emperor scorpions
  8 ironheart preservers
  A stone giant (Orc:2)
  A war gargoyle (Vaults:2)
  5 entropy weavers
  A deep elf annihilator (Vaults:3)
  A spark wasp (Spider:4)
  An ettin (D:15)
  A minotaur (Lab)
  A great orb of eyes (Vaults:1)
  2 yaktaur captains
  4 fire dragons
  Erolcha (D:11)
  8 vault guards
  A rakshasa (D:15)
  3 ice dragons (Swamp:4)
  13 hydras
  8 centaur warriors
  A ghost crab (Swamp:2)
  2 catoblepae
  2 death knights
  Erica (Orc:1)
  15 death yaks (Lair:6)
  5 tengu warriors
  6 ogre magi
  3 deep troll shamans
  A deep troll earth mage (Vaults:2)
  4 orc high priests
  6 spriggans
  3 alligators (Swamp:4)
  A shadow wraith (Vaults:2)
  The ghost of vogonpoet the Cleaver, a novice NaBe of Trog (D:7)
  3 deep elf knights
  A fire crab (shapeshifter) (D:15)
  3 unseen horrors
  5 skeletal warriors
  3 swamp dragons
  2 flayed ghosts
  3 spriggan druids
  3 giant orange brains
  An unseen horror (shapeshifter) (D:15)
  2 wizards
  5 large abominations (D:14)
  2 deep trolls (Vaults:2)
  2 shambling mangroves
  3 hill giants
  A harpy (shapeshifter) (Vaults:1)
  2 ironbrand convokers
  4 deep elf archers
  2 phantasmal warriors (Vaults:2)
  8 orb spiders
  A lindwurm (shapeshifter) (Vaults:3)
  A lindwurm (Lair:6)
  6 orc knights
  15 ugly things
  4 harpies
  6 orc sorcerers
  5 hornets
  An oklob plant (Lair:5)
  25 wolf spiders
  7 deep elf magi (Vaults:2)
  9 cyclopes
  3 griffons
  23 elephants
  A manticore (D:14)
  A moth of wrath (Spider:4)
  5 centaur zombies
  A black mamba (Lair:6)
  A gargoyle (D:15)
  An eye of devastation (shapeshifter) (D:13)
  5 vault sentinels (Vaults:2)
  24 spiny frogs
  2 guardian serpents (D:15)
  2 torpor snails
  5 centaur skeletons
  16 demonic crawlers
  2 efreet (D:15)
  9 freezing wraiths
  12 yaktaurs
  A rime drake (Lair:6)
  A tengu conjurer (D:15)
  8 komodo dragons
  A queen bee (Spider:2)
  A queen bee (shapeshifter) (Vaults:1)
  7 trolls
  6 meliai
  2 giant leeches
  45 jumping spiders
  A jumping spider (shapeshifter) (Vaults:3)
  13 two-headed ogres
  2 polar bears
  10 slime creatures
  9 bog bodies
  A wind drake (shapeshifter) (Vaults:2)
  16 blink frogs
  3 boulder beetles
  Sigmund (D:3)
  53 redbacks
  2 flying skulls (Volcano)
  7 wraiths
  2 shadows
  A tarantella (shapeshifter) (Vaults:1)
  31 tarantellas
  29 yaks
  2 vampires (Volcano)
  3 wyverns
  5 hogs (D:15)
  A basilisk (Lair:3)
  9 hippogriffs
  A steam dragon (D:14)
  A hippogriff (shapeshifter) (Vaults:3)
  4 swamp worm simulacra (Swamp:4)
  5 hungry ghosts
  4 mottled dragons
  7 vampire mosquitoes
  4 wargs
  11 insubstantial wisps
  2 soldier ants
  9 water moccasins
  14 hydra simulacra (Swamp:4)
  15 swamp worms
  2 giant eyeballs (D:15)
  10 porcupines
  2 black bears
  6 swamp drakes
  A sky beast (D:6)
  31 orc warriors
  17 wasps
  An eye of draining (shapeshifter) (Vaults:2)
  5 phantoms
  19 ogres
  3 ice beasts
  27 centaurs
  3 boggarts (Vaults:3)
  2 necrophages (D:9)
  19 wolves
  11 crocodiles
  A centaur (shapeshifter) (D:14)
  The ghost of runewalsh the Chiller, an amateur OpIE (D:3)
  A big kobold (D:10)
  15 giant frogs
  A deep troll simulacrum (Vaults:1)
  7 small abominations (D:14)
  2 wyvern skeletons (D:14)
  5 scorpions
  23 killer bees (Spider:2)
  6 jellies
  A vampire bat (D:8)
  A wight (D:8)
  2 howler monkeys (D:13)
  3 electric eels
  9 crimson imps
  8 hounds
  24 orc priests
  30 orc wizards
  A giant frog skeleton (D:13)
  Jessica (D:3)
  9 iguanas
  Natasha (twice) (D:3 D:2)
  14 worker ants
  23 sheep
  A hound skeleton (D:5)
  A mummy (Volcano)
  Robin (D:3)
  5 adders
  A howler monkey skeleton (D:5)
  61 river rats
  3 shadow imps
  A white imp (Vaults:1)
  3 swamp drake simulacra (Swamp:4)
  An adder skeleton (D:8)
  An adder zombie (D:6)
  A worm (D:4)
  2 dart slugs (D:2)
  5 giant geckos
  115 orcs
  A ball python (D:2)
  7 giant cockroaches
  14 goblins
  10 hobgoblins
  11 jackals
  6 quokkas
  16 bats
  A giant gecko skeleton (D:4)
  4 giant newts
  13 kobolds
  A quokka skeleton (D:7)
  7 rats
  2 briar patches (Swamp:2)
  3 fungi
  A plant (Lair:6)
1391 creatures vanquished.

Vanquished Creatures (collateral kills)
  Frederick (Vaults:2)
  A hydra (Lair:5)
  2 wolf spiders
  11 orb spiders
  A jumping spider (Spider:2)
  3 redbacks
  A tarantella (Spider:1)
  A jelly (D:7)
  Natasha (D:3)
  2 adders
  A dart slug (D:2)
  A giant gecko (D:4)
  An orc (D:4)
  2 jackals (D:8)
  A goblin (D:1)
  A rat (D:2)
31 creatures vanquished.

Vanquished Creatures (others)
  Josephine (Lair:5)
  An unseen horror (D:15)
  A wolf spider (Spider:3)
  2 tarantellas
  A human (D:15)
  A swamp drake (Swamp:3)
  An orc priest (Orc:1)
  5 sheep (D:9)
  A briar patch (Swamp:2)
  4 bushes (Lair:6)
  37 fungi
  23 plants
  7 toadstools (D:1)
85 creatures vanquished.

Grand Total: 1507 creatures vanquished

Notes
Turn   | Place    | Note
-------+----------+-------------------------------------------
     0 | D:1      | Trailerpark the Draconian Transmuter began the quest for the Orb.
     0 | D:1      | Reached XP level 1. HP: 16/16 MP: 3/3
   270 | D:1      | Reached XP level 2. HP: 24/24 MP: 3/5
   274 | D:1      | Learned a level 2 spell: Sticks to Snakes
   847 | D:2      | Reached XP level 3. HP: 31/31 MP: 6/6
   858 | D:2      | Learned a level 3 spell: Spider Form
   988 | D:2      | Found a sparkling altar of Nemelex Xobeh.
  1274 | D:2      | Found a glowing golden altar of the Shining One.
  1538 | D:3      | Noticed Robin
  1693 | D:3      | Noticed runewalsh's ghost (amateur OpIE)
  1715 | D:3      | Killed runewalsh's ghost
  1715 | D:3      | Reached XP level 4. HP: 23/38 MP: 4/7
  1873 | D:3      | Reached XP level 5. HP: 45/45 MP: 4/8
  1925 | D:3      | Noticed Jessica
  1929 | D:3      | Killed Jessica
  1986 | D:3      | Noticed Natasha
  2000 | D:3      | Killed Natasha
  2209 | D:3      | Noticed Natasha
  2216 | D:3      | Killed Natasha
  2281 | D:3      | Noticed Sigmund
  2324 | D:3      | Noticed Natasha
  2394 | D:2      | Killed Natasha
  2394 | D:2      | Reached XP level 6. HP: 51/51 MP: 3/9
  2562 | D:3      | Killed Sigmund
  2562 | D:3      | Reached skill level 5 in Unarmed Combat
  2636 | D:3      | Killed Robin
  3393 | D:4      | Your scales start taking on a pale cyan-grey colour.
  3393 | D:4      | Reached XP level 7. HP: 52/57 MP: 6/10
  3721 | D:4      | Found a shadowy altar of Dithmenos.
  3725 | D:4      | Reached skill level 1 in Evocations
  3747 | D:4      | Found Heivoyzy's Antique Armour Emporium.
  4115 | D:5      | Entered Level 5 of the Dungeon
  4137 | D:5      | Found a bloodstained altar of Trog.
  4327 | D:5      | Found an oddly glowing altar of Pakellas.
  4565 | D:5      | Found Sil Egga's Antique Armour Boutique.
  4711 | D:5      | Found Raufre Iwkot's Book Boutique.
  4984 | D:6      | Reached skill level 5 in Evocations
  5094 | D:6      | Reached XP level 8. HP: 63/63 MP: 7/12
  5113 | D:6      | Found a staircase to the Ecumenical Temple.
  5143 | Temple   | Entered the Ecumenical Temple
  5271 | Temple   | Became a worshipper of Cheibriados the Contemplative
  5666 | D:6      | Found a burning altar of Makhleb.
  6346 | D:7      | Reached skill level 5 in Dodging
  6426 | D:7      | Reached * piety under Cheibriados
  6834 | D:7      | Found a hazy altar of Hepliaklqana.
  6885 | D:7      | Reached XP level 9. HP: 66/71 MP: 10/13
  6951 | D:7      | Found a hide-covered altar of Uskayaw.
  6951 | D:7      | Found a radiant altar of Vehumet.
  6952 | D:7      | Found a glowing silver altar of Zin.
  7053 | D:7      | Noticed vogonpoet's ghost (novice NaBe)
  7071 | D:7      | You fall through a shaft!
  7227 | D:8      | Reached ** piety under Cheibriados
  7235 | D:8      | Got a heavily runed diamond amulet
  7486 | D:8      | Identified the amulet "Xuoxu" {+Rage Int+3} (You found it on level 8 of the Dungeon)
  8136 | D:8      | Reached *** piety under Cheibriados
  8290 | D:7      | Killed vogonpoet's ghost
  8439 | D:9      | Found a stormy altar of Qazlal.
  8465 | D:9      | Learned a level 1 spell: Confusing Touch
  8470 | D:9      | Learned a level 4 spell: Ice Form
  8551 | D:9      | Found a stormy altar of Qazlal.
  8688 | D:9      | Learned a level 2 spell: Blink
  8714 | D:9      | Reached XP level 10. HP: 74/78 MP: 10/14
  8828 | D:9      | Found a blossoming altar of Fedhas.
  8912 | D:9      | Found a shimmering altar of Xom.
  9307 | D:10     | Entered Level 10 of the Dungeon
  9316 | D:10     | Reached **** piety under Cheibriados
  9337 | D:9      | Reached skill level 5 in Invocations
  9956 | D:10     | Reached ***** piety under Cheibriados
 10475 | D:11     | Found a shattered altar of Ashenzari.
 10865 | D:11     | Found a roughly hewn altar of Beogh.
 10865 | D:11     | Found a staircase to the Orcish Mines.
 10906 | D:11     | Found a staircase to the Lair.
 10925 | D:11     | Noticed a white ugly thing
 10934 | D:11     | Killed a white ugly thing
 10948 | D:11     | Found Zuregh's Food Boutique.
 10950 | D:11     | Noticed Erolcha
 10962 | D:11     | Killed Erolcha
 10962 | D:11     | Reached skill level 5 in Fighting
 10962 | D:11     | Reached XP level 11. HP: 45/86 MP: 7/16
 11292 | D:11     | Noticed a cyan ugly thing
 11320 | D:11     | Found a blossoming altar of Fedhas.
 11402 | D:11     | Killed a cyan ugly thing
 11691 | D:11     | Learned a level 5 spell: Blade Hands
 11751 | D:11     | Found Geptus's Armour Emporium.
 11758 | D:11     | Bought a +0 cloak of poison resistance for 85 gold pieces
 11845 | D:11     | Found Koygiat's Jewellery Shoppe.
 12094 | Lair:1   | Entered Level 1 of the Lair of Beasts
 12094 | Lair:1   | Found a labyrinth entrance.
 12129 | Lab      | Entered a labyrinth
 12568 | Lab      | Noticed a minotaur
 12576 | Lab      | Killed a minotaur
 12576 | Lab      | Reached skill level 5 in Spellcasting
 12580 | Lab      | Got a sparkling ruby amulet
 12580 | Lab      | Got a sparkling silver ring
 13065 | Lair:1   | Reached skill level 5 in Transmutations
 13391 | Lair:2   | Found a dark tunnel.
 13442 | Volcano  | Entered a volcano
 14698 | Lair:2   | Learned a level 2 spell: Shroud of Golubria
 15950 | Lair:3   | Found a hole to the Spider Nest.
 16041 | Lair:3   | Reached XP level 12. HP: 100/103 MP: 19/19
 16107 | Lair:3   | Reached skill level 1 in Translocations
 16119 | Lair:3   | Identified the amulet of Resuduec {Dismiss +Inv rC- Int-5 Dex+4} (You found it in a labyrinth)
 16123 | Lair:3   | Identified the ring of Heczoi Vaots {rCorr Str+4 Dex+7} (You found it in a labyrinth)
 16306 | Lair:3   | Reached ****** piety under Cheibriados
 17597 | D:5      | Bought a book of Transfigurations for 715 gold pieces
 17915 | Lair:4   | Learned a level 6 spell: Statue Form
 17943 | Lair:4   | Reached skill level 1 in Earth Magic
 18061 | Lair:4   | Noticed a catoblepas
 18097 | Lair:4   | Killed a catoblepas
 18240 | Lair:4   | Found a staircase to the Swamp.
 18446 | Lair:4   | Reached skill level 5 in Earth Magic
 19002 | Lair:5   | Noticed Josephine
 19009 | Lair:5   | Killed Josephine
 19434 | Lair:5   | Noticed a seven-headed hydra
 19439 | Lair:5   | Killed a seven-headed hydra
 20616 | Lair:6   | Entered Level 6 of the Lair of Beasts
 20624 | Lair:6   | Reached XP level 13. HP: 104/111 MP: 23/23
 20667 | Lair:6   | Gained mutation: You are clumsy. (Dex -2) [mutagenic glow]
 20706 | Lair:6   | Gained mutation: You are dopey. (Int -2) [mutagenic glow]
 20730 | Lair:6   | Gained mutation: Your spells are a little easier to cast, but a little less powerful. [mutagenic glow]
 20837 | Lair:6   | Gained mutation: You are very clumsy. (Dex -4) [mutagenic glow]
 21014 | Lair:6   | Gained mutation: You are robust. (+10% HP) [potion of mutation]
 21014 | Lair:6   | Gained mutation: You expend magic power (3 MP) to strengthen your wands. [potion of mutation]
 21572 | Lair:6   | Reached skill level 10 in Earth Magic
 21586 | Lair:6   | Found a staircase to the Slime Pits.
 21632 | Lair:6   | Reached skill level 10 in Transmutations
 21940 | Lair:6   | Reached XP level 14. HP: 117/129 MP: 26/26
 22100 | Lair:6   | Learned a level 5 spell: Irradiate
 22615 | Lair:6   | Learned a level 4 spell: Olgreb's Toxic Radiance
 22643 | Lair:6   | Reached skill level 1 in Poison Magic
 22819 | Orc:1    | Entered Level 1 of the Orcish Mines
 22825 | Orc:1    | Noticed Erica
 22828 | Orc:1    | Killed Erica
 23153 | Orc:1    | Reached skill level 1 in Shields
 23232 | Orc:1    | Reached skill level 2 in Shields
 23455 | Orc:2    | Entered Level 2 of the Orcish Mines
 23502 | Orc:2    | Noticed a stone giant
 23507 | Orc:2    | Killed a stone giant
 23507 | Orc:2    | Reached skill level 3 in Shields
 23669 | Orc:2    | Reached skill level 4 in Shields
 23831 | Orc:2    | Found a staircase to the Elven Halls.
 23877 | Orc:2    | Reached skill level 5 in Shields
 23961 | Orc:2    | Reached skill level 6 in Shields
 23974 | Orc:2    | Reached skill level 7 in Shields
 24262 | Orc:2    | Found Eceaxidgh's General Store.
 24262 | Orc:2    | Found Cynovuna's Armour Emporium.
 24263 | Orc:2    | Found Nithri Fail's Magic Scroll Boutique.
 24274 | Orc:2    | Found Vyett's Armour Boutique.
 24276 | Orc:2    | Bought a scroll of teleportation for 48 gold pieces
 24286 | Orc:2    | Bought a scroll of blinking for 105 gold pieces
 24286 | Orc:2    | Bought a scroll of teleportation for 42 gold pieces
 24286 | Orc:2    | Bought a scroll of teleportation for 42 gold pieces
 25327 | D:13     | Reached skill level 8 in Shields
 25473 | D:13     | Reached XP level 15. HP: 136/136 MP: 14/28
 25860 | D:14     | Paralysed by a wizard for 7 turns
 25869 | D:14     | Reached skill level 9 in Shields
 25990 | D:14     | Found a gate to the Vaults.
 26002 | D:14     | Found Saocuece's Weapon Emporium.
 26349 | D:14     | Reached skill level 10 in Unarmed Combat
 27001 | D:14     | Identified the Reference Book on the Quantum Entourage (You found it on level 14 of the Dungeon)
 27043 | D:15     | Entered Level 15 of the Dungeon
 27083 | D:15     | Found a staircase to the Depths.
 27111 | D:15     | Paralysed by an ogre mage for 5 turns
 27168 | D:15     | Got a vibrating jade ring
 27170 | D:15     | Identified a scroll of acquirement
 27171 | D:15     | Got a fine cloak
 27182 | D:15     | Identified the +0 cloak "Xayllass" {+Inv rC- MR+++ MP+9 Dex-5} (You acquired it on level 15 of the Dungeon)
 27208 | D:15     | Found a sparkling altar of Nemelex Xobeh.
 27222 | D:15     | Noticed a storm dragon
 27232 | D:15     | Killed a storm dragon
 27232 | D:15     | Reached skill level 10 in Shields
 27422 | D:15     | Identified the ring of Cafoumnu {rC+ SInv Stlth-} (You found it on level 15 of the Dungeon)
 27428 | D:15     | Got a fine amber ring
 27429 | D:15     | Identified the ring "Arphos" {*Tele MR++ MP+9 Int-4 Dex+4} (You found it on level 15 of the Dungeon)
 27517 | D:15     | Got a vibrating ivory ring
 27783 | D:15     | Identified the ring of the Duchess {Wiz Str+3 Dex-5} (You found it on level 15 of the Dungeon)
 27808 | D:15     | Noticed a frost giant
 27813 | D:15     | Killed a frost giant
 27928 | D:15     | Noticed Kirke
 27939 | D:15     | Killed Kirke
 27972 | D:15     | Reached XP level 16. HP: 130/145 MP: 29/29
 28010 | D:15     | Got a warped brass ring
 28011 | D:15     | Identified the ring of Bural {rF+++ MP+9 Str+6 Int-5} (You found it on level 15 of the Dungeon)
 28031 | D:15     | Learned a level 2 spell: Repel Missiles
 28061 | D:15     | Found a shimmering altar of Xom.
 28101 | D:15     | Reached skill level 11 in Shields
 28115 | D:15     | Found a deep blue altar of Sif Muna.
 28726 | Spider:1 | Entered Level 1 of the Spider Nest
 29114 | Spider:1 | Identified the Almanac of the Cankerous Voyage
 29745 | Spider:2 | Reached skill level 12 in Shields
 29948 | Spider:2 | Reached skill level 15 in Unarmed Combat
 30570 | Spider:3 | Noticed Nikola
 30586 | Spider:3 | Killed Nikola
 30586 | Spider:3 | Reached XP level 17. HP: 124/151 MP: 23/30
 31228 | Spider:4 | Entered Level 4 of the Spider Nest
 31268 | Spider:4 | Noticed Bastard's ghost (adept DrCj)
 31273 | Spider:4 | Killed Bastard's ghost
 31273 | Spider:4 | Reached skill level 13 in Shields
 31783 | Spider:4 | Reached skill level 14 in Shields
 32169 | Spider:4 | Got a gossamer rune of Zot
 32506 | Swamp:1  | Entered Level 1 of the Swamp
 32582 | Swamp:1  | Reached skill level 15 in Shields
 33132 | Swamp:2  | Noticed Frances
 33140 | Swamp:2  | Killed Frances
 33911 | Swamp:3  | Reached XP level 18. HP: 159/159 MP: 31/31
 34090 | Swamp:3  | Reached skill level 16 in Shields
 34612 | Swamp:4  | Entered Level 4 of the Swamp
 35104 | Swamp:4  | Got a decaying rune of Zot
 35136 | Swamp:4  | Reached skill level 17 in Shields
 35509 | Swamp:4  | Upgraded the game from 0.19-a0-1051-gdb7e7f8 to 0.19-a0-1065-gdac414d
 36010 | Vaults:1 | Entered Level 1 of the Vaults
 36151 | Vaults:1 | Reached skill level 10 in Fighting
 37099 | Vaults:2 | Noticed Frederick
 37163 | Vaults:2 | Killed Frederick
 37460 | Vaults:2 | Reached skill level 10 in Dodging
 37618 | Vaults:2 | Noticed Saint Roka
 37623 | Vaults:2 | Reached XP level 19. HP: 178/178 MP: 15/32
 37628 | Vaults:2 | Killed Saint Roka
 37937 | Vaults:2 | Upgraded the game from 0.19-a0-1065-gdac414d to 0.19-a0-1104-gecadb88
 38193 | Vaults:2 | Upgraded the game from 0.19-a0-1104-gecadb88 to 0.19-a0-1126-g0490cf6
 38356 | Vaults:2 | Got a warped granite ring
 38358 | Vaults:2 | Identified the ring of Zomutat {MR+ AC+4} (You acquired it on level 2 of the Vaults)
 38822 | Vaults:3 | HP: 1/178 [yaktaur/bolt (13)]
 38822 | Vaults:3 | Shot with a bolt by a yaktaur

Vault maps used:
D:1:      nagdon_arrival_double_spiral, serial_park_tiny_1
D:2:      nemelex_altar_shiori, lemuel_coloured_pillars_altar, first_bread,
          kennysheep_nub
D:3:      uniq_robin, uniq_natasha, uniq_jessica, uniq_sigmund
D:4:      grunt_dithmenos_shadows, serial_shops, kennysheep_mini
D:5:      lemuel_doored_altar, bloody_trog, serial_shops,
          nicolae_shop_competitors_out_of_business, nicolae_shop_trees
D:6:      lemuel_crystal_altar
D:7:      gammafunk_temple_overflow_claw, nicolae_overflow_crystal_walls
D:8:      hangedman_pestilent_swarm, roderic_batcave, kennysheep_generic_room_6
D:9:      kb_xom_exploding_sheep, kennysheep_little_box, fedhas_altar_3,
          grunt_qazlal_clouds
D:11:     lair_0_dummy, david_orc_5, enter_bailey_2,
          portal_ice_cave_entry_pillars_1, serial_shops, nicolae_shop_stone,
          shop, shop_statue, basic_altar, evilmike_ruin_ashenzari, uniq_erolcha
D:14:     david_vaults_2, serial_park_paths, serial_shops, shop, hex_medium,
          laboratory
D:15:     hangedman_spin_cycle
Temple:   nicolae_temple_figure_zero
Lair:1:   lab_entry_generic
Lair:2:   lightli_volcano_entry_magma_tube, infiniplex_staircase_pool
Lair:3:   nicolae_spider_entry_non_spiders
Lair:4:   swamp_mist_pool, grunt_megastairs_4
Lair:5:   dpeg_oklob_gauntlet, grunt_megastairs_1, uniq_josephine
Lair:6:   grunt_lair_end_beastmaster, minmay_slime_entry_pillars,
          lemuel_fruit_tree
Swamp:1:  wheals_swamp_sinkhole
Swamp:2:  evilmike_swamp_ruin_house_5, uniq_frances
Swamp:3:  hangedman_swamp_ruin_hall, swamp_pool4
Swamp:4:  swamp_icy, uniq_kirke
Spider:2: special_room
Spider:3: uniq_nikola
Spider:4: grunt_spider_rune_circles
Orc:1:    uniq_erica
Orc:2:    st_orc_elflike
Vaults:1: ontoclasm_vaults_idyll, v_misc_9, grunt_vaults_hallway_short,
          hangedman_vaults_locks, v_misc_9, serial_ice_m, ontoclasm_vaults_chip,
          vaults_dpeg_doors, v_misc_29, vaults_room_fours,
          ontoclasm_vaults_loading_screen
Vaults:2: grunt_vaults_bifocal, st_diamondy, grunt_vaults_trifunnel,
          vaults_room_stairs_pillars, hangedman_vaults_snaps, vaults_room_pool,
          ontoclasm_vaults_fault, nicolae_vaults_asterisk, uniq_frederick,
          uniq_saint_roka
Vaults:3: vaults_dpeg_hooks, v_misc_18, vaults_mumra_minichess,
          ontoclasm_vaults_twist, st_greater_box_5,
          minmay_crypt_entry_simple_plaza, hangedman_vaults_impose, v_misc_29,
          vaults_mumra_chevron_long, nicolae_vaults_three_branches,
          nicolae_vaults_yaktaur_gun_rack, hangedman_vaults_nails, serial_shops,
          shop_fountains
Volcano:  volcano_tomb

Skill      XL: |  1  2  3  4  5  6  7  8  9 10 11 12 13 14 15 16 17 18 19 |
---------------+----------------------------------------------------------+-----
Fighting       | 2 3 5 8 9 12 | 12.6
Transmutations | 4 7 8 10 11 | 11.6
Unarmed Combat | 4 6 9 12 15 16 | 16.3
Evocations     | 5 6 |  6.0
Dodging        | 6 7 9 10 12 | 12.9
Invocations    | 4 7 |  7.6
Spellcasting   | 3 5 6 8 9 |  9.2
Translocations | 2 |  2.4
Earth Magic    | 7 10 | 10.5
Poison Magic   | 3 |  3.5
Shields        | 8 10 12 15 17 | 17.1

Action                   |  1- 3 |  4- 6 |  7- 9 | 10-12 | 13-15 | 16-18 | 19-21 || total
-------------------------+-------+-------+-------+-------+-------+-------+-------++-------
Melee: Unarmed           |   111 |   128 |   380 |   655 |   848 |  1080 |   171 ||  3373
       Kick              |    12 |       |     1 |       |       |       |       ||    13
       Tailslap          |     5 |     5 |    33 |   107 |   205 |   220 |    39 ||   614
       Headbutt          |     4 |       |       |       |       |       |       ||     4
       Punch             |       |     1 |    12 |    27 |    28 |       |       ||    68
 Cast: Beastly Appendage |    27 |     4 |     2 |       |       |       |       ||    33
       Sticks to Snakes  |     3 |     6 |    10 |     9 |     1 |    41 |     3 ||    73
       Spider Form       |     2 |    14 |    32 |    18 |       |       |       ||    66
       Blade Hands       |       |       |       |    18 |       |       |       ||    18
       Ice Form          |       |       |       |    20 |       |       |       ||    20
       Confusing Touch   |       |       |       |     2 |       |       |       ||     2
       Statue Form       |       |       |       |     4 |    56 |   106 |    11 ||   177
       Olgreb's Toxic Ra |       |       |       |       |    18 |    27 |     3 ||    48
       Irradiate         |       |       |       |       |     4 |     5 |     1 ||    10
       Repel Missiles    |       |       |       |       |       |       |     1 ||     1
Invok: Slouch            |       |       |       |     8 |     9 |     8 |     4 ||    29
       Bend Time         |       |       |       |     3 |     2 |       |       ||     5
       Temporal Distorti |       |       |       |       |     5 |     2 |       ||     7
 Abil: Breathe Steam     |       |       |    17 |    22 |     2 |     4 |       ||    45
       End Transformatio |       |       |       |     3 |       |       |       ||     3
Evoke: Wand              |       |       |     6 |     6 |       |     5 |       ||    17
  Use: Potion            |       |     2 |     1 |     3 |     9 |     3 |       ||    18
       Scroll            |       |       |     7 |     8 |    13 |     7 |     3 ||    38
 Stab: Sleeping          |     2 |     1 |     1 |     8 |     2 |     6 |       ||    20
       Paralysed         |       |       |    13 |       |       |       |       ||    13
       Distracted        |       |       |     1 |     3 |     5 |     5 |       ||    14
       Confused          |       |       |       |     1 |       |       |       ||     1
  Eat: Chunk             |     4 |     7 |    18 |    66 |    33 |    22 |     6 ||   156
       Pizza             |       |     1 |       |       |       |       |       ||     1
       Bread ration      |       |       |     1 |       |       |     3 |       ||     4
       Fruit             |       |       |       |       |       |     1 |     1 ||     2
       Meat ration       |       |       |       |       |       |     4 |       ||     4
Armor: Skin              |    35 |    46 |    60 |    95 |   364 |   544 |    52 ||  1196
Dodge: Dodged            |    62 |    84 |   282 |   604 |  1138 |  1522 |   146 ||  3838
       Deflected         |       |       |       |       |       |       |     1 ||     1
Block: Shield            |       |       |       |       |   447 |  1582 |   180 ||  2209
